 Dungeon Crawl Stone Soup version 0.21.1-72-gffa868e0fe (webtiles) character file.

217 SacredBeard the Skirmisher (level 6, -4/48 HPs)
             Began as a Human Fighter on Aug 3, 2018.
             Slain by Sigmund
             ... wielding a +0 scythe
              (5 damage)
             ... on level 3 of the Dungeon.
             The game lasted 00:11:11 (2186 turns).

SacredBeard the Skirmisher (Human Fighter)          Turns: 2186, Time: 00:11:11

Health: -4/48      AC: 12    Str: 18    XL:     6   Next: 16%
Magic:  6/6        EV:  5    Int:  8    God:
Gold:   92         SH:  9    Dex: 15    Spells: 5/5 levels left

rFire    . . .     SeeInvis .   q - +0 whip
rCold    . . .     Gourm    .   c - +0 shield
rNeg     . . .     Faith    .   t - +0 chain mail
rPois    .         Spirit   .   (no helmet)
rElec    .         Reflect  .   l - +2 cloak
rCorr    .         Harm     .   (no gloves)
MR       +....                  (no boots)
Stlth    ..........             (no amulet)
HPRegen  0.16/turn              e - ring of protection from magic (curse)
MPRegen  0.10/turn              o - +2 ring of strength

@: no status effects
A: no striking features
a: no special abilities


You were on level 3 of the Dungeon.
You were hungry.

You visited 1 branch of the dungeon, and saw 3 of its levels.

You collected 92 gold pieces.

Inventory:

Hand Weapons
 a - a +0 flail
 q - a +0 whip (weapon)
Armour
 c - a +0 shield (worn)
 l - a +2 cloak (worn)
 t - a +0 chain mail (worn)
Jewellery
 e - a cursed ring of protection from magic (left hand)
 o - a +2 ring of strength (right hand)
Scrolls
 h - 2 scrolls of random uselessness {unknown}
 j - 3 scrolls of magic mapping {unknown}
 n - a scroll of enchant weapon {unknown}
 p - a scroll of identify {unknown}
 s - a scroll of teleportation {unknown}
 u - a scroll of immolation {unknown}
Potions
 b - a potion of brilliance {unknown}
 d - a potion of might
 g - 2 potions of heal wounds {unknown}
 k - a potion of degeneration {unknown}
 m - 3 potions of curing {unknown}
 r - a potion of ambrosia {unknown}
Comestibles
 f - 2 rations
 i - 14 chunks of flesh


   Skills:
 * Level 4.1 Fighting
 - Level 3.2 Maces & Flails
 - Level 3.5 Armour
 * Level 1.5 Dodging
 + Level 0.6 Stealth
 - Level 4.0 Shields


You had 5 spell levels left.
You didn't know any spells.

Dungeon Overview and Level Annotations

Branches:
Dungeon (3/15)

Altars:
Kikubaaqudgha

Annotations:
D:3 Sigmund


Message History

You hit something.
Your chain mail prevents you from hitting something.
Something hits you but does no damage.
You closely miss something. Something hits you but does no damage.
You miss something. You miss something.
You hear some strange, mumbled words.
A magic dart appears from out of thin air!
The magic dart hits you!
You hit something. You block something's attack.
Your chain mail prevents you from hitting something.
Your shield and chain mail prevent you from hitting something.
You hear some strange, mumbled words.
Something tries to affect you, but you resist.
You miss something. Something hits you but does no damage.
You miss something. Something hits you!
* * * LOW HITPOINT WARNING * * *
You hit something. You miss something. Something hits you.
You die...

..).............♣
..#.##.........♣♣♣
..#.######....♣♣.♣
..#.# #......♣ ♣♣
..#.# ####..♣♣♣.
###.. #.♣.♣.♣ .#
## #..♣♣.♣♣ ♣ .##
#....♣.♣.... ..#
##.#@{...♣ #.#
#.#........ #.#
..#.####... #.###
##..$# .# ))).#
##$.# #.### #..#
....# .... #.###
.... ....# ..


There were no monsters in sight!

Vanquished Creatures
  An orc priest (D:3)
  Jessica (D:3)
  Natasha (thrice) (D:2)
  2 adders (D:2)
  2 oozes
  4 orcs
  2 giant cockroaches
  8 goblins
  8 hobgoblins
  5 jackals (D:2)
  2 ball pythons
  6 bats
  2 frilled lizards
  8 kobolds
  7 rats
61 creatures vanquished.

Notes
Turn   | Place    | Note
-------+----------+-------------------------------------------
     0 | D:1      | SacredBeard the Human Fighter began the quest for the Orb.
     0 | D:1      | Reached XP level 1. HP: 18/18 MP: 1/1
   194 | D:1      | Reached XP level 2. HP: 13/24 MP: 2/2
   367 | D:1      | Reached XP level 3. HP: 20/29 MP: 3/3
  1266 | D:2      | Reached XP level 4. HP: 32/36 MP: 4/4
  1297 | D:2      | Found an ancient bone altar of Kikubaaqudgha.
  1551 | D:2      | Noticed Natasha
  1559 | D:2      | Killed Natasha
  1559 | D:2      | Reached XP level 5. HP: 42/42 MP: 5/5
  1657 | D:2      | Noticed Natasha
  1669 | D:2      | Killed Natasha
  1961 | D:2      | Noticed Natasha
  1971 | D:2      | Killed Natasha
  2009 | D:3      | Noticed Jessica
  2016 | D:3      | Killed Jessica
  2016 | D:3      | Reached skill level 1 in Dodging
  2096 | D:3      | Reached XP level 6. HP: 38/48 MP: 6/6
  2143 | D:3      | Noticed Sigmund
  2184 | D:3      | HP: 1/48 [something (7)]
  2186 | D:3      | Slain by Sigmund

Skill      XL: |  1  2  3  4  5 |
---------------+----------------+-----
Maces & Flails | 3 |  3.2
Shields        | 4 |  4.0
Dodging        | 1 |  1.5
Fighting       | 4 |  4.1
Armour         | |  3.5
Stealth        | |  0.6

Action                   |  1- 3 |  4- 6 || total
-------------------------+-------+-------++-------
Melee: Flail             |    94 |       ||    94
       Whip              |    42 |   166 ||   208
  Eat: Chunk             |     1 |     3 ||     4
Armor: Scale mail        |    56 |       ||    56
       Chain mail        |     5 |    67 ||    72
Dodge: Dodged            |    37 |    17 ||    54
Block: Shield            |    64 |    56 ||   120
       Buckler           |     4 |       ||     4
